 Dungeon Crawl Stone Soup version 0.31-a0-210-gccc998df9b (webtiles) character file.

Game seed: 17646305367172328540

133 123456 the Trooper (level 4, 0/41 HPs)
             Began as a Minotaur Fighter on June 29, 2023.
             Slain by an orc
             ... wielding a +0 short sword
              (3 damage)
             ... on level 3 of the Dungeon.
             The game lasted 00:01:38 (907 turns).

123456 the Trooper (Minotaur Fighter)                Turns: 907, Time: 00:01:39

Health: 0/41       AC:  8    Str: 23    XL:     4   Next: 94%
Magic:  3/3        EV: 10    Int:  5    God:
Gold:   138        SH:  4    Dex:  9    Spells: 3/3 levels left

rFire   . . .        a - +0 flail
rCold   . . .        c - +0 buckler
rNeg    . . .        b - +0 scale mail
rPois   .            (helmet restricted)
rElec   .            j - +0 cloak
rCorr   .            (no gloves)
SInv    .            (no boots)
Will    .....        (no amulet) Stlth
                     (no ring)
HPRegen 0.26/turn    (no ring)
MPRegen 0.08/turn

%: no passive effects
@: no status effects
A: horns 2, retaliatory headbutt
a: no special abilities


You were on level 3 of the Dungeon.
You visited 1 branch of the dungeon, and saw 3 of its levels.

You collected 138 gold pieces.

Inventory:

Hand Weapons
 a - a +0 flail (weapon)
Armour
 b - a +0 scale mail (worn)
 c - a +0 buckler (worn)
 j - a +0 cloak (worn)
Scrolls
 e - a scroll of revelation {unknown}
 i - 4 scrolls of identify {unknown}
Potions
 d - a potion of might
 f - 2 potions of enlightenment {unknown}
 g - a potion of resistance {unknown}
 h - a potion of lignification {unknown}


   Skills:
 * Level 4.9 Fighting
 * Level 4.1 Maces & Flails
 + Level 4.3 Armour
 + Level 1.7 Dodging
 - Level 3.6 Shields


You had 3 spell levels left.
You didn't know any spells.
Your spell library contained the following spells:

 Spells                   Type           Power      Damage    Failure   Level
 Storm Form               Tmut/Air       0%         N/A       100%        7
 Maxwell's Capacitive Co  Air            0%         ∞         100%        8


Dungeon Overview and Level Annotations

Branches:
Dungeon (2/15)

Altars:

Shops:
D:1 (

Annotations:
D:3 1 transporter


Innate Abilities, Weirdness & Mutations

You have a pair of horns on your head.
You reflexively headbutt those who attack you in melee.


Message History

You see here a +0 spear.
You closely miss the orc. The orc hits you but does no damage.
The orc barely misses you.
An orc comes into view. It is wielding a +0 trident.
The orc closely misses you.
Found 4 stones.
The orc closely misses you. The orc hits you but does no damage.
The orc hits you with a +0 trident.
You sock the orc!
You kill the orc!
The orc hits you but does no damage. The orc misses you.
The orc attacks as you move away! You block the orc's attack.
A gnoll comes into view. It is wielding a +0 whip.
A hobgoblin comes into view.
The orc hits you with a +0 short sword. The orc closely misses you.
Things that are here:
a +0 trident; a boomerang The hobgoblin shouts!
You sock the orc!
You kill the orc!
You block the gnoll's attack. The orc hits you but does no damage.
You block the orc's attack. The orc hits you with a +0 short sword.
* * * LOW HITPOINT WARNING * * *
You see here a +0 whip.
You closely miss the gnoll. You headbutt the gnoll!
The gnoll is almost dead.
The orc hits you but does no damage. The gnoll closely misses you.
The orc hits you with a +0 short sword.
* * * LOW HITPOINT WARNING * * *
You thump the gnoll!
You kill the gnoll!
The orc hits you from afar with a +0 trident!
* * * LOW HITPOINT WARNING * * *
The orc hits you but does no damage. You block the orc's attack.
The orc hits you but does no damage.
You hit the orc but do no damage.
The orc hits you from afar with a +0 trident.
* * * LOW HITPOINT WARNING * * *
The orc hits you with a +0 short sword.
You die...

#..#.# . ..#
#..#.# g #..#
....# .##.
#...###.#.# #....
........#.##...##
≈≈≈≈≈≈....g.....#
≈≈≈≈≈≈...oo......
##≈≈..@)#
#.g#≈≈.)#......(#
#. #≈≈))#.......#
.g.#≈≈..##.......
.###≈≈..# .......
.#..≈≈..###.....#
.##.≈≈...# .....#
.g#.≈≈.#.# .....#
.##.≈≈.#.#


You could see a gnoll bouda, 2 orcs and a hobgoblin.

Vanquished Creatures
  Crazy Yiuf (D:2)
  4 gnolls (D:3)
  An adder (D:2)
  A dart slug (D:1)
  2 orcs (D:3)
  11 endoplasms
  4 giant cockroaches
  5 goblins
  3 hobgoblins (D:1)
  2 quokkas (D:2)
  8 ball pythons
  A bat (D:1)
  3 frilled lizards
  2 kobolds (D:1)
  3 rats
51 creatures vanquished.

Notes
Turn   | Place    | Note
-------+----------+-------------------------------------------
     0 | D:1      | 123456 the Minotaur Fighter began the quest for the Orb.
     0 | D:1      | Reached XP level 1. HP: 19/19 MP: 0/0
   142 | D:1      | Reached XP level 2. HP: 27/27 MP: 1/1
   323 | D:1      | Found Rasish's Antique Weapon Shop.
   343 | D:1      | Reached skill level 1 in Dodging
   355 | D:1      | Reached XP level 3. HP: 33/33 MP: 2/2
   755 | D:2      | Found a runed translucent door.
   756 | D:2      | Noticed Crazy Yiuf
   762 | D:2      | Killed Crazy Yiuf
   763 | D:2      | Reached XP level 4. HP: 41/41 MP: 3/3
   884 | D:2      | You fall into a shaft and drop 1 floor!
   884 | D:3      | Found a transporter.
   907 | D:3      | Slain by an orc

Illustrated notes

Levels and vault maps discovered:
D:1:      giann_horns, layout_rooms, serial_shops, nicolae_shop_window_shopping
D:2:      minmay_spotlight, layout_loops_ring, dk_vineyard_1,
          kennysheep_generic_room_10, uniq_crazy_yiuf_cottage
D:3:      layout_rooms, gammafunk_ghost_gnarly_gnolls,
          ebering_ecumenical_altar_mist, chequers_arboretum, grunt_ministairs_1

Skill      XL: |  1  2  3  4 |
---------------+-------------+-----
Fighting       | 4 |  4.9
Maces & Flails | 3 4 |  4.1
Dodging        | 1 |  1.7
Armour         | 4 |  4.3
Shields        | |  3.6

Action                     |  1- 3 |  4- 6 || total
---------------------------+-------+-------++-------
  Melee: Flail             |    84 |    22 ||   106
         Headbutt          |    13 |     2 ||    15
 Armour: Scale mail        |    37 |    13 ||    50
  Dodge: Dodged            |    33 |    10 ||    43
  Block: Buckler           |    19 |     6 ||    25

Table legend: (Time is in decaauts)
 A = Elapsed time spent in this place.
 B = Non-inter-level travel time spent in this place.
 C = Inter-level travel time spent in this place.
 D = Time resting spent in this place.
 E = Time spent auto-exploring this place.
 F = Levels seen in this place.
 G = Mean time per level.
                   A        B        C        D        E       F      G
               +--------+--------+--------+--------+--------+-----+--------+
         Total |    935 |    923 |     12 |      0 |    662 |   3 |  311.7 |
       Dungeon |    935 |    923 |     12 |      0 |    662 |   3 |  311.7 |
               +--------+--------+--------+--------+--------+-----+--------+

Top non-repeatable levels by time:
     D:1: 564 daAuts
     D:2: 344 daAuts
     D:3: 25 daAuts
